 Dungeon Crawl Stone Soup version 0.27-a0-287-gd4424db430 (webtiles) character file.

Game seed: 5976403107509558177

35201 jasper the Destroyer (level 13, -2/114 HPs)
             Began as a Demigod Ice Elementalist on Feb 8, 2021.
             Slain by a six-headed hydra (14 damage)
             ... on level 4 of the Lair of Beasts.
             The game lasted 00:32:26 (20615 turns).

jasper the Destroyer (Demigod Ice Elementalist)    Turns: 20615, Time: 00:32:27

Health: -2/114     AC: 15    Str: 11    XL:     13   Next: 16%
Magic:  24/29      EV: 17    Int: 33    God:
Gold:   772        SH:  0    Dex: 16    Spells: 4/27 levels left

rFire    . . .     SeeInvis .   U - +8 glaive of the Guard {elec, spectral, AC+5}
rCold    . . .     Faith    .   (shield currently unavailable)
rNeg     . . .     Spirit   .   E - +1 leather armour {rPois}
rPois    +         Reflect  .   w - +0 helmet
rElec    .         Harm     .   r - +0 cloak
rCorr    .         Rampage  .   N - +2 pair of gloves
Will     ++...                  f - +0 pair of boots
Stlth    ++........             x - amulet of magic regeneration
HPRegen  0.29/turn              t - +6 ring of intelligence
MPRegen  0.46/turn              a - ring of willpower

@: frozen ramparts
A: high mp 1
a: no special abilities


You were on level 4 of the Lair of Beasts.
You visited 2 branches of the dungeon, and saw 16 of its levels.

You collected 772 gold pieces.

Inventory:

Hand Weapons
 D - a +4 scimitar of flaming
 U - the +8 glaive of the Guard (weapon) {elec, spectral, AC+5}
   (You found it on level 3 of the Lair of Beasts)

   Occasionally, upon striking a foe, it can discharge electrical energy and
   cause terrible harm.
   It retains the spirit of the tree from which it was made.
   In the hands of one skilled in evocations this spirit is drawn out to fight
   along side the wielder.
   It affects your AC (+5).
Missiles
 b - 341 stones
Armour
 f - a +0 pair of boots (worn)
 r - a +0 cloak (worn)
 w - a +0 helmet (worn)
 E - a +1 leather armour of poison resistance (worn)
 H - a +2 kite shield
 N - a +2 pair of gloves (worn)
Jewellery
 a - a ring of willpower (right hand)
 t - a +6 ring of intelligence (left hand)
 x - an amulet of magic regeneration (around neck)
 F - an uncursed ring of protection from cold
 Y - an uncursed amulet of the acrobat {unknown}
Wands
 y - a wand of mindburst (2)
 A - a wand of digging (8)
 G - a wand of iceblast (2)
 P - a wand of random effects (25)
 Q - a wand of acid (9)
Scrolls
 d - 4 scrolls of teleportation
 g - 2 scrolls of amnesia
 h - 3 scrolls of enchant weapon
 i - 4 scrolls of fear
 m - 4 scrolls of magic mapping
 o - 2 scrolls of enchant armour
 s - 2 scrolls of blinking
 B - 2 scrolls of fog
 J - a scroll of immolation
 L - 3 scrolls of remove curse
 M - 3 scrolls of noise {unknown}
 V - a scroll of brand weapon {unknown}
Potions
 c - a potion of brilliance {unknown}
 l - 3 potions of berserk rage
 p - 7 potions of lignification
 u - 4 potions of flight
 v - 7 potions of curing
 C - 2 potions of mutation
 I - 2 potions of attraction
 K - 2 potions of magic
 O - a potion of resistance
 T - a potion of heal wounds
 X - 4 potions of haste
Miscellaneous
 R - a lightning rod (4/4)
 S - a box of beasts
 W - a phial of floods


   Skills:
 - Level 10.5 Fighting
 - Level 3.0 Armour
 + Level 9.2 Dodging
 - Level 1.7 Stealth
 + Level 7.7 Spellcasting
 * Level 11.3 Conjurations
 + Level 3.7 Hexes
 - Level 1.0 Necromancy
 - Level 6.0 Ice Magic
 - Level 5.0 Evocations


You had 4 spell levels left.
You knew the following spells:

 Your Spells              Type           Power        Failure   Level
a - Freeze                Ice            100%         1%          1
b - Frozen Ramparts       Ice            100%         1%          3
c - Hailstorm             Conj/Ice       63%          1%          4
d - Animate Skeleton      Necr           38%          3%          1
e - Searing Ray           Conj           100%         1%          2
f - Apportation           Tloc           24%          4%          1
g - Tukima's Dance        Hex            37%          3%          3
h - Invisibility          Hex            37%          83%         6
i - Swiftness             Air            12%          7%          2

Your spell library contained the following spells:

 Spells                   Type           Power        Failure   Level
 Magic Dart               Conj           100%         1%          1
 Shock                    Conj/Air       100%         1%          1
 Dazzling Flash           Conj/Hex       100%         1%          3
 Ozocubu's Armour         Ice            51%          1%          3
 Static Discharge         Conj/Air       50%          1%          3
 Fulminant Prism          Conj/Hex       29%          1%          4
 Pain                     Necr           76%          3%          1
 Confusing Touch          Hex            37%          3%          3
 Iskenderun's Mystic Bla  Conj/Tloc      50%          4%          4
 Vampiric Draining        Necr           9%           9%          3
 Cause Fear               Hex            18%          10%         4
 Summon Ice Beast         Ice/Summ       32%          13%         4
 Gell's Gravitas          Tloc           6%           14%         3
 Lesser Beckoning         Tloc           6%           14%         3
 Animate Dead             Necr           9%           30%         4
 Airstrike                Air            6%           41%         4
 Petrify                  Tmut/Erth      12%          41%         4
 Lightning Bolt           Conj/Air       25%          12%         5
 Metabolic Englaciation   Hex/Ice        22%          17%         5
 Silence                  Hex/Air        12%          52%         5
 Yara's Violent Unravell  Hex/Tmut       12%          52%         5
 Agony                    Necr           19%          63%         5
 Alistair's Intoxication  Tmut/Pois      8%           77%         5
 Discord                  Hex            18%          100%        8


Dungeon Overview and Level Annotations

Branches:
Dungeon (12/15)            Temple (0/1) D:5            Lair (4/6) D:11
 Shoals (0/4) Lair:3       Spider (0/4) Lair:3          Orc (0/2) D:12

Shops:
D:6 (   D:8 =   D:9 (

Annotations:
D:3 Grinder
D:7 Maggie


Innate Abilities, Weirdness & Mutations

You have an increased reservoir of magic. (+10% MP)


Message History

The six-headed hydra bites you. The six-headed hydra bites you!
* * * LOW HITPOINT WARNING * * *
The six-headed hydra bites you but does no damage.
You take 17 damage, and have 28/114 hp.
You now have 25/29 mp.
Aiming: Freeze (safe; 1% risk of failure)
Press: ? - help, Q - select action, (/) - cycle Shift-Dir - straight line, f/p - six-headed hydra
Aim: a six-headed hydra (severely wounded, slow)
You freeze the six-headed hydra!
The six-headed hydra is almost dead.
The six-headed hydra seems to slow down.
The wall freezes the six-headed hydra.
The six-headed hydra seems to slow down.
The six-headed hydra bites you!
* * * LOW HITPOINT WARNING * * *
The six-headed hydra barely misses you.
The six-headed hydra bites you but does no damage.
The six-headed hydra bites you.
* * * LOW HITPOINT WARNING * * *
The six-headed hydra bites you!
You die...

>...### ##.......# #.########
......# #P......#####.........
.....## #.......................
....## ##.>....................
....## ##.###^................
....P# ## ##................
....## #######.................
....# #.##.###D†........÷.....
....# ##......@#.#..#......##..
....## #...<...(######....####..
.....# ##.......# #...÷.#P#..
....#####.#.....## #....#..P..
....#..##.#.....# #####...##....#
................###....#####....#
................##P....#####....#
.###............##.......#P......
# #.[.........## #..............


You could see a six-headed hydra (slow) and a friendly +8 glaive of the Guard
{elec, spectral, AC+5} (summoned).

Vanquished Creatures
  3 hydras
  Erica (D:8)
  A centaur warrior (D:10)
  3 two-headed ogres
  Urug (Lair:2)
  Pikel (D:8)
  An ugly thing (D:12)
  A wolf spider (Lair:3)
  A manticore (D:11)
  2 cyclopes (D:11)
  5 black mambas
  9 elephants
  A gargoyle (D:12)
  7 cane toads
  Psyche (D:9)
  A kobold demonologist (D:12)
  5 komodo dragons
  A troll (D:12)
  A hornet (D:10)
  A jumping spider (Lair:3)
  2 polar bears
  6 blink frogs (Lair:1)
  Prince Ribbit (D:5)
  35 yaks
  2 redbacks (Lair:3)
  A wraith (D:12)
  3 basilisks
  3 wyverns
  3 wargs (D:11)
  7 water moccasins
  6 orc warriors
  2 ice beasts
  3 sky beasts
  2 black bears
  10 wolves
  12 centaurs
  A necrophage (D:11)
  5 ogres
  A lemure (D:8)
  A phantom (D:3)
  2 kobold brigands (D:12)
  26 bullfrogs
  2 scorpions (D:10)
  10 killer bees
  A water moccasin skeleton (D:11)
  2 electric eels
  3 wights (D:11)
  2 howler monkeys
  4 hounds
  3 centaur zombies
  3 centaur skeletons
  A jelly (D:8)
  17 orc priests
  2 bullfrog skeletons
  3 iguanas
  9 worker ants
  23 orc wizards
  7 hell rats (Lair:3)
  2 hound zombies
  A worker ant zombie (D:10)
  13 adders
  A howler monkey skeleton (D:6)
  3 white imps (D:9)
  2 ufetubi
  4 oozes
  An adder zombie (D:8)
  An adder skeleton (D:5)
  4 worms
  2 dart slugs (D:1)
  2 leopard geckos
  45 orcs
  2 ball pythons (D:3)
  3 giant cockroaches
  4 goblins
  11 hobgoblins
  8 jackals
  5 quokkas
  11 bats
  4 frilled lizards
  16 kobolds
  A leopard gecko skeleton (D:6)
  7 rats
426 creatures vanquished.

Vanquished Creatures (others)
  31 fungi
  22 plants
53 creatures vanquished.

Grand Total: 479 creatures vanquished

Notes
Turn   | Place    | Note
-------+----------+-------------------------------------------
     0 | D:1      | jasper the Demigod Ice Elementalist began the quest for the
                  | Orb.
     0 | D:1      | Reached XP level 1. HP: 14/14 MP: 5/5
   313 | D:1      | Reached XP level 2. HP: 12/20 MP: 4/7
   674 | D:1      | Reached XP level 3. HP: 26/26 MP: 9/9
   687 | D:1      | Learned a level 3 spell: Frozen Ramparts
  1611 | D:2      | Reached XP level 4. HP: 33/33 MP: 4/11
  1954 | D:3      | Noticed a phantom
  1996 | D:3      | Killed a phantom
  1997 | D:3      | Reached skill level 5 in Ice Magic
  1997 | D:3      | Reached XP level 5. HP: 27/38 MP: 4/13
  2110 | D:3      | Noticed Grinder
  2120 | D:3      | Paralysed by Grinder for 4 turns
  2290 | D:2      | Learned a level 4 spell: Hailstorm
  2900 | D:4      | Reached XP level 6. HP: 41/45 MP: 13/15
  2989 | D:4      | Found a sacrificial altar of Ru.
  3040 | D:4      | You fall into a shaft and drop 1 floor!
  3040 | D:5      | Entered Level 5 of the Dungeon
  3054 | D:5      | Learned a level 1 spell: Animate Skeleton
  3218 | D:5      | Reached skill level 1 in Necromancy
  3578 | D:5      | Found a blossoming altar of Fedhas.
  3587 | D:5      | Found a staircase to the Ecumenical Temple.
  3711 | D:5      | Noticed Prince Ribbit
  3792 | D:5      | Killed Prince Ribbit
  3793 | D:5      | Reached skill level 1 in Armour
  3793 | D:5      | Reached skill level 1 in Conjurations
  3793 | D:5      | Reached XP level 7. HP: 35/55 MP: 8/16
  4306 | D:5      | Found a shadowy altar of Dithmenos.
  4442 | D:6      | Reached skill level 2 in Conjurations
  5098 | D:6      | Reached XP level 8. HP: 57/66 MP: 10/17
  5336 | D:6      | Found a glowing golden altar of the Shining One.
  5346 | D:6      | Found a shimmering altar of Xom.
  5501 | D:6      | Reached skill level 3 in Conjurations
  5740 | D:6      | Found Topiuw's Antique Weapon Emporium.
  6203 | D:7      | Reached skill level 5 in Fighting
  6374 | D:7      | Noticed Maggie
  6395 | D:8      | Noticed Pikel
  6407 | D:8      | Killed Pikel
  6408 | D:8      | Reached skill level 4 in Conjurations
  6613 | D:7      | Reached XP level 9. HP: 18/75 MP: 18/18
  7238 | D:8      | Found Ranuigh's Jewellery Boutique.
  7259 | D:8      | Reached skill level 5 in Dodging
  7450 | D:8      | Noticed Erica
  7475 | D:8      | Killed Erica
  7476 | D:8      | Reached skill level 5 in Conjurations
  7870 | D:8      | Learned a level 2 spell: Searing Ray
  7911 | D:9      | Found Bakhepp's Antique Weapon Boutique.
  8410 | D:9      | Found a burning altar of Makhleb.
  8611 | D:9      | Noticed Psyche
  8620 | D:9      | Killed Psyche
  9132 | D:9      | Reached skill level 1 in Evocations
  9132 | D:9      | Reached XP level 10. HP: 84/88 MP: 12/19
  9235 | D:10     | Entered Level 10 of the Dungeon
  9280 | D:10     | Noticed a centaur warrior
  9295 | D:10     | Killed a centaur warrior
  9296 | D:10     | Reached skill level 6 in Conjurations
 10111 | D:10     | Noticed a two-headed ogre
 10128 | D:10     | Killed a two-headed ogre
 10129 | D:10     | Reached skill level 7 in Conjurations
 10930 | D:11     | Noticed a manticore
 10943 | D:11     | Killed a manticore
 10944 | D:11     | Reached skill level 5 in Spellcasting
 11617 | D:11     | Found a staircase to the Lair.
 12065 | D:11     | Noticed a two-headed ogre
 12073 | D:11     | Killed a two-headed ogre
 12074 | D:11     | Reached XP level 11. HP: 62/95 MP: 15/22
 12372 | D:11     | Noticed a two-headed ogre
 12381 | D:11     | Killed a two-headed ogre
 12595 | D:11     | Reached skill level 8 in Conjurations
 13828 | D:12     | Found a staircase to the Orcish Mines.
 13837 | D:12     | Found a roughly hewn altar of Beogh.
 14696 | Lair:1   | Entered Level 1 of the Lair of Beasts
 15026 | Lair:1   | Noticed a seven-headed hydra
 15030 | Lair:1   | Killed a seven-headed hydra
 15031 | Lair:1   | Reached skill level 9 in Conjurations
 15540 | Lair:1   | Reached skill level 5 in Evocations
 16062 | Lair:1   | Found a burning altar of Makhleb.
 16150 | Lair:1   | Noticed a six-headed hydra
 16160 | Lair:1   | Killed a four-headed hydra
 16161 | Lair:1   | Reached XP level 12. HP: 80/106 MP: 23/25
 16790 | Lair:2   | Learned a level 1 spell: Apportation
 16794 | Lair:2   | Learned a level 3 spell: Tukima's Dance
 16801 | Lair:2   | Learned a level 6 spell: Invisibility
 16817 | Lair:2   | You fall into a shaft and drop 1 floor!
 16818 | Lair:3   | Found a staircase to the Shoals.
 16847 | Lair:3   | Reached skill level 10 in Conjurations
 17099 | Lair:3   | Reached skill level 10 in Fighting
 17101 | Lair:3   | Reached skill level 1 in Hexes
 17148 | Lair:3   | Found a hole to the Spider Nest.
 18191 | Lair:3   | Found the +8 glaive of the Guard {elec, spectral, AC+5}
 18205 | Lair:3   | Learned a level 2 spell: Swiftness
 19436 | Lair:2   | Noticed Urug
 19443 | Lair:2   | Killed Urug
 19444 | Lair:2   | Reached skill level 11 in Conjurations
 19945 | Lair:4   | Reached XP level 13. HP: 95/114 MP: 28/28
 20615 | Lair:4   | Slain by a six-headed hydra

Illustrated notes

Levels and vault maps discovered:
D:1:      minmay_arrival_semitransparent, layout_loops_ring
D:2:      layout_basic, lemuel_old_faithful
D:3:      layout_rooms, uniq_grinder
D:4:      layout_rooms, nicolae_ru_great_annihilating_truth,
          lemuel_coloured_pillars_altar
D:5:      layout_loops_cross, kennysheep_mini_moat,
          minmay_temple_entry_junction, basic_altar, serial_aquarium,
          aquarium_bridge_square [aquarium_subvault_wall,
          aquarium_subvault_wall, aquarium_subvault_bridge,
          aquarium_subvault_window], aquarium_bridge_square
          [aquarium_subvault_window, aquarium_subvault_window,
          aquarium_subvault_bridge, aquarium_subvault_bridge],
          aquarium_window_corridor_3, aquarium_window_fake,
          aquarium_window_fake, aquarium_window_1, aquarium_view_2d,
          aquarium_view_2a, aquarium_balcony_3a, aquarium_pool_side,
          uniq_prince_ribbit1
D:6:      layout_loops_ring, amethyst_overflow_temple_binary, serial_shops,
          nicolae_shop_crystal, grunt_decor_junction
D:7:      layout_cave_pools, grunt_ministairs_14, kennysheep_cross_bottleneck,
          kennysheep_crisscross, uniq_maggie, uniq_duvessa
D:8:      layout_cave_pools, serial_shops, shop, uniq_erica, uniq_pikel
D:9:      layout_basic, serial_shops, nicolae_shop_statue_plus, basic_altar,
          minmay_joined_circles, uniq_psyche
D:10:     layout_irregular_city
D:11:     layout_stronghold, erik_lair_orcish_takeover
D:12:     layout_irregular_city, minmay_orc_entry_temple_small
Lair:1:   layout_cave_pods, lemuel_centaur_altar, infiniplex_staircase_pool,
          serial_bayou_shore_a
Lair:2:   layout_gridlike, grunt_forest_small_clearing_treed, uniq_urug
Lair:3:   layout_roguey, elwin_shoals_entry_rocks, spider_nest_entry_funnel_web,
          kennysheep_catoblepas_arena
Lair:4:   gammafunk_mikee_crab_dinner, layout_cellular_growth

Skill      XL: |  1  2  3  4  5  6  7  8  9 10 11 12 |
---------------+-------------------------------------+-----
Spellcasting   | 2 3 4 5 6 7 |  7.7
Ice Magic      | 4 5 6 |  6.0
Necromancy     | 1 |  1.0
Fighting       | 2 3 6 8 9 10 | 10.5
Armour         | 1 2 3 |  3.0
Dodging        | 2 3 4 6 7 8 9 |  9.2
Conjurations   | 1 2 4 5 7 9 11 | 11.3
Evocations     | 1 3 5 |  5.0
Hexes          | 3 |  3.7
Stealth        | |  1.7

Action                   |  1- 3 |  4- 6 |  7- 9 | 10-12 | 13-15 || total
-------------------------+-------+-------+-------+-------+-------++-------
Melee: Dagger            |     8 |       |       |       |       ||     8
       Spear             |    12 |       |       |       |       ||    12
       Hand axe          |    16 |    44 |   108 |       |       ||   168
       Scimitar          |       |       |    30 |   121 |       ||   151
       Glaive            |       |       |       |    70 |    26 ||    96
 Cast: Freeze            |    38 |    65 |   100 |   259 |    16 ||   478
       Frozen Ramparts   |     2 |     6 |    20 |    35 |     5 ||    68
       Hailstorm         |       |       |     4 |    26 |     1 ||    31
       Searing Ray       |       |       |       |    10 |       ||    10
Evoke: Wand              |       |       |     5 |     5 |       ||    10
  Use: Potion            |       |     7 |     2 |     1 |       ||    10
       Scroll            |       |     1 |       |    19 |     1 ||    21
 Stab: Sleeping          |     6 |     1 |     3 |     2 |       ||    12
       Paralysed         |       |     2 |       |       |       ||     2
Armor: Leather armour    |    16 |    36 |    57 |   130 |    28 ||   267
Dodge: Dodged            |    41 |    72 |   179 |   482 |    65 ||   839
       Rpst.: Scimitar   |       |       |    16 |    91 |       ||   107

Table legend: (Time is in decaauts)
 A = Elapsed time spent in this place.
 B = Non-inter-level travel time spent in this place.
 C = Inter-level travel time spent in this place.
 D = Time resting spent in this place.
 E = Time spent auto-exploring this place.
 F = Levels seen in this place.
 G = Mean time per level.
                   A        B        C        D        E       F      G
               +--------+--------+--------+--------+--------+-----+--------+
         Total |  20811 |  20428 |    383 |   2270 |  15462 |  16 | 1300.7 |
       Dungeon |  14779 |  14570 |    209 |   1975 |  10640 |  12 | 1231.6 |
          Lair |   6032 |   5858 |    174 |    295 |   4822 |   4 | 1508.0 |
               +--------+--------+--------+--------+--------+-----+--------+

Top non-repeatable levels by time:
    D:11: 2595 daAuts
  Lair:1: 2128 daAuts
  Lair:3: 1791 daAuts
     D:6: 1789 daAuts
    D:10: 1586 daAuts
  Lair:2: 1405 daAuts
     D:5: 1336 daAuts
    D:12: 1325 daAuts
     D:9: 1245 daAuts
     D:8: 1198 daAuts
     D:2: 1161 daAuts
     D:1: 1065 daAuts
  Lair:4: 706 daAuts
     D:7: 662 daAuts
     D:4: 557 daAuts
